 Dungeon Crawl Stone Soup version 0.21.1-1-g345015f (webtiles) character file.

192 wojtek the Chopper (level 5, 0/45 HPs)
             Began as a Minotaur Fighter on July 13, 2018.
             Succumbed to a gnoll's poison
             ... on level 2 of the Dungeon.
             The game lasted 00:01:51 (1299 turns).

wojtek the Chopper (Minotaur Fighter)               Turns: 1299, Time: 00:01:52

Health: 0/45       AC:  8    Str: 21    XL:     5   Next: 42%
Magic:  4/4        EV:  7    Int:  5    God:
Gold:   102        SH:  9    Dex: 10    Spells: 4/4 levels left

rFire    . . .     SeeInvis .   a - +0 war axe
rCold    . . .     Gourm    .   c - +0 shield
rNeg     . . .     Faith    .   b - +0 scale mail
rPois    .         Spirit   .   (helmet restricted)
rElec    .         Reflect  .   (no cloak)
rCorr    .         Harm     .   (no gloves)
MR       .....                  i - +0 pair of boots
Stlth    ..........             (no amulet)
HPRegen  0.15/turn              (no ring)
MPRegen  0.09/turn              (no ring)

@: lethally poisoned (0 -> -16), hasted, invisible, very quick
A: retaliatory headbutt, horns 2
a: no special abilities


You were on level 2 of the Dungeon.
You were hungry.

You visited 1 branch of the dungeon, and saw 2 of its levels.

You collected 102 gold pieces.

Inventory:

Hand Weapons
 a - a +0 war axe (weapon)
Armour
 b - a +0 scale mail (worn)
 c - a +0 shield (worn)
 i - a +0 pair of boots (worn)
 l - a +1 ring mail of magic resistance
Jewellery
 j - an uncursed ring of magical power {unknown}
 q - an uncursed ring of magical power {unknown}
Scrolls
 e - 3 scrolls of teleportation {unknown}
 k - 2 scrolls of identify {unknown}
 m - a scroll of fog {unknown}
 p - a scroll of enchant armour {unknown}
Potions
 d - a potion of might
 o - a potion of mutation {unknown}
Comestibles
 f - 4 rations


   Skills:
 - Level 3.6 Fighting
 + Level 6.9 Axes
 - Level 3.6 Armour
 - Level 3.6 Shields


You had 4 spell levels left.
You didn't know any spells.

Dungeon Overview and Level Annotations

Branches:
Dungeon (2/15)

Altars:
Ru
The Shining One

Annotations:
D:1 need dig scroll


Innate Abilities, Weirdness & Mutations

You reflexively headbutt those who attack you in melee.
You have a pair of horns on your head.


Message History

* * * LOW HITPOINT WARNING * * *
You feel sick.
* * * LOW HITPOINT WARNING * * *
You feel sick. You block the gnoll's attack.
* * * LOW HITPOINT WARNING * * *
You feel sick.
You see here a spear.
It was a potion of haste.
You feel yourself speed up.
* * * LOW HITPOINT WARNING * * *
You feel sick. You block the gnoll's attack.
* * * LOW HITPOINT WARNING * * *
You feel sick.
* * * LOW HITPOINT WARNING * * *
You feel sick.
* * * LOW HITPOINT WARNING * * *
You feel sick.
There is an open door here.
It was a potion of invisibility.
You fade into invisibility!
You die...

................#
..##################
#.# #.g.# #.####
###.#.# #....#
#..g#gg.# ####.#
###)#....# ...#.##
#####.###..# #....[#
#...#.# ..#
#..#..######'#+#@######
...#...(.............#
##...###(............#
..######.............#
[.+.................)#
..#######............#
..# #............#
#########'############
#....#.....#


You could see 2 gnolls.

Vanquished Creatures
  13 gnolls (D:2)
  2 adders (D:2)
  A dart slug (D:1)
  3 leopard geckos
  2 ball pythons (D:1)
  7 bats
  A giant cockroach (D:2)
  6 goblins
  4 hobgoblins
  3 frilled lizards
  6 kobolds
  4 rats
52 creatures vanquished.

Notes
Turn   | Place    | Note
-------+----------+-------------------------------------------
     0 | D:1      | wojtek the Minotaur Fighter began the quest for the Orb.
     0 | D:1      | Reached XP level 1. HP: 19/19 MP: 0/0
    77 | D:1      | Reached skill level 3 in Axes
   112 | D:1      | Reached XP level 2. HP: 26/26 MP: 1/1
   317 | D:1      | Reached skill level 4 in Axes
   422 | D:1      | Reached XP level 3. HP: 31/31 MP: 2/2
   513 | D:2      | Reached skill level 5 in Axes
   645 | D:2      | Reached XP level 4. HP: 39/39 MP: 3/3
   693 | D:2      | Reached skill level 6 in Axes
   823 | D:2      | Reached XP level 5. HP: 41/45 MP: 4/4
   846 | D:2      | Found a glowing golden altar of the Shining One.
  1106 | D:2      | Found a sacrificial altar of Ru.
  1297 | D:2      | HP: 2/45 [poisoned by a gnoll]
  1299 | D:2      | Succumbed to a gnoll's poison

Skill      XL: |  1  2  3  4 |
---------------+-------------+-----
Axes           | 3 4 5 6 |  6.9
Fighting       | |  3.6
Armour         | |  3.6
Shields        | |  3.6

Action                   |  1- 3 |  4- 6 || total
-------------------------+-------+-------++-------
Melee: War axe           |    67 |    64 ||   131
       Headbutt          |     8 |    11 ||    19
  Use: Potion            |       |     2 ||     2
  Eat: Chunk             |       |     1 ||     1
Armor: Scale mail        |    40 |    27 ||    67
Dodge: Dodged            |    14 |    23 ||    37
Block: Shield            |    44 |    32 ||    76
